Map: 紫晶浪漫-天梯版

Players

TIME (Oliveira)

  • Race: Terran Terran

Cyan - Winner!

  • Race: Protoss Protoss
  • League: Master

Event: DreamHack SC2 Masters 2021 Winter

VOD

Have the link to the VOD?

Description

Time

  • Played on: Oct. 6, 2021, 8:35 a.m.
  • Length: 15:25

All games in this series

Show
View Real Time Build Order
Export as new Build Order

TIME Terran 

Build Orders:  

Get SALT Encoding   

  12  0:00  SCV  
  13  0:12  SCV  
  14  0:17  Supply Depot  
  14  0:24  SCV  
  15  0:39  SCV  
  15  0:40  Barracks  
  16  0:45  Refinery  
  16  0:51  SCV  
  17  1:03  SCV  
  18  1:15  SCV  
  19  1:28  Marine, Orbital Command  
  20  1:43  Command Center  
  20  1:47  Barracks Reactor  
  20  1:55  SCV  
  20  2:07  Supply Depot, SCV  
  21  2:12  Factory  
  21  2:19  SCV  
  22  2:24  Marine  
  22  2:28  Marine  
  24  2:31  SCV  
  24  2:34  Refinery  
  25  2:43  SCV, Marine  
  27  2:45  Bunker  
  27  2:55  SCV  
  27  2:56  Hellion  
  27  2:57  Starport  
  30  3:04  Marine  
  31  3:09  SCV, Marine  
  33  3:15  Orbital Command  
  33  3:21  Orbital Command  
  33  3:22  Widow Mine  
  33  3:24  SCV  
  33  3:27  Marine  
  34  3:30  Marine  
  34  3:33  Medivac  
  38  3:36  SCV  
  38  3:40  Supply Depot  
  39  3:46  Widow Mine, SCV  
  39  3:48  SCV  
  43  3:52  Marine x2  
  45  3:59  SCV  
  45  4:01  SCV  
  45  4:09  Starport Tech Lab, Factory Tech Lab  
  45  4:11  SCV  
  45  4:13  SCV  
  47  4:19  Command Center  
  47  4:23  Supply Depot, SCV  
  48  4:25  SCV  
  48  4:28  Raven  
  51  4:32  Siege Tank  
  54  4:43  Supply Depot  
  54  4:44  SCV x2, Marine x2  
  58  4:53  Barracks  
  58  4:54  Barracks  
  58  4:57  SCV x2  
  59  5:03  Marine  
  59  5:04  Engineering Bay  
  54  5:09  SCV x2  
  54  5:10  Marine  
  57  5:17  Cyclone  
  57  5:20  Marine  
  59  5:21  SCV  
  59  5:22  SCV  
  59  5:24  Engineering Bay  
  61  5:31  Orbital Command  
  61  5:32  Missile Turret  
  61  5:33  SCV  
  62  5:39  Terran Infantry Weapons Level 1  
  62  5:40  SCV  
  63  5:43  Refinery  
  63  5:44  Marine x2  
  63  5:46  SCV  
  66  5:52  Missile Turret  
  66  5:56  Starport Reactor  
  66  5:58  SCV  
  66  5:59  SCV x2  
  66  6:01  Factory Reactor  
  66  6:03  Marine  
  66  6:04  Marine  
  71  6:06  Marine x2  
  71  6:08  Stimpack  
  71  6:11  SCV  
  74  6:13  Refinery  
  74  6:14  Terran Infantry Armor Level 1  
  74  6:21  SCV, Marine x2  
  74  6:25  Combat Shield, Marine  
  77  6:28  SCV, Orbital Command  
  77  6:30  Marine  
  77  6:31  Supply Depot, Barracks  
  77  6:32  Barracks  
  80  6:35  SCV  
  80  6:39  Marine  
  80  6:40  Widow Mine, SCV  
  80  6:41  Widow Mine  
  80  6:45  Missile Turret  
  85  6:50  Supply Depot  
  85  6:52  SCV x2, Marine x2  
  85  6:53  Marauder  
  91  6:56  SCV  
  91  6:58  Supply Depot, Marine  
  91  6:59  Supply Depot  
  93  7:12  Medivac x2, SCV, Marine  
  101  7:20  Marauder, Widow Mine x2, SCV x2  
  101  7:21  Missile Turret  
  109  7:24  Barracks Reactor, Barracks Tech Lab  
  109  7:26  SCV  
  109  7:27  Supply Depot  
  109  7:28  Armory  
  108  7:32  SCV  
  108  7:37  Marauder, Marine x2  
  109  7:39  SCV x2  
  117  7:44  Widow Mine  
  117  7:46  SCV  
  117  7:49  Widow Mine  
  117  7:51  Marauder  
  120  7:52  Supply Depot, SCV  
  120  7:53  SCV  
  120  7:58  SCV  
  120  8:04  Marauder x2, Marine  
  125  8:06  Command Center  
  125  8:07  Supply Depot  
  125  8:13  Marine  
  125  8:14  Widow Mine, SCV x3  
  125  8:17  Marine x2  
  133  8:20  Marauder  
  133  8:21  Terran Infantry Weapons Level 2, Terran Infantry Armor Level 2  
  133  8:26  Supply Depot, Refinery x2  
  133  8:29  SCV x2  
  133  8:34  Supply Depot, Viking x2  
  137  8:35  SCV  
  137  8:41  SCV  
  140  8:43  Ghost Academy  
  140  8:44  Supply Depot  
  137  8:51  SCV, Marine  
  137  8:52  SCV  
  137  8:57  SCV  
  137  8:59  Missile Turret  
  137  9:01  Marauder  
  140  9:04  Marauder, SCV  
  140  9:08  Supply Depot, Viking x2, Marine x3  
  148  9:10  Marauder, Supply Depot  
  148  9:16  Widow Mine  
  148  9:17  Widow Mine, Bunker  
  154  9:22  Ghost  
  156  9:25  Ghost  
  158  9:32  Missile Turret, Sensor Tower  
  158  9:33  Ghost  
  158  9:34  Missile Turret  
  158  9:36  Enhanced Shockwaves  
  160  9:42  Terran Ship Weapons Level 1, SCV  
  161  9:49  Supply Depot  
  161  9:51  Marauder, SCV  
  161  9:52  SCV  
  165  9:54  Marauder  
  167  10:05  Marauder  
  169  10:07  Viking x2  
  169  10:08  Barracks  
  169  10:10  Planetary Fortress, Barracks  
  169  10:11  Barracks  
  169  10:13  SCV  
  169  10:14  SCV x2  
  174  10:20  Marauder  
  174  10:21  Marauder  
  179  10:27  Starport  
  179  10:30  Ghost  
  179  10:34  Command Center  
  181  10:36  Refinery  
  181  10:37  Refinery  
  181  10:41  Viking  
  183  10:45  Viking  
  183  10:46  Missile Turret  
  183  10:49  Missile Turret  
  185  10:51  Ghost  
  185  10:53  Ghost  
  189  10:58  Barracks Reactor, Barracks Tech Lab  
  189  11:00  Barracks Tech Lab  
  189  11:07  Sensor Tower  
  189  11:13  Concussive Shells  
  189  11:17  Viking x3  
  189  11:18  Viking  
  196  11:25  Terran Infantry Weapons Level 3  
  195  11:47  Viking  
  187  11:54  Medivac x2  
  187  11:56  Ghost x2  
  187  11:58  Marauder x2  
  199  12:05  Terran Infantry Armor Level 3  
  199  12:06  Missile Turret  
  199  12:08  Marine  
  200  12:15  Command Center  
  200  12:18  Terran Ship Weapons Level 2  
  200  12:19  Command Center  
  200  12:23  Fusion Core  
  184  12:40  Marine  
  184  12:41  Marauder, Marine x2  
  184  12:42  SCV  
  150  12:47  SCV x3, Ghost x2  
  150  12:50  Marine  
  137  12:56  Marauder, Marine x2  
  120  12:59  Medivac x2  
  120  13:01  SCV x4  
  108  13:07  Marine x3  
  111  13:15  Marauder, Marine  
  111  13:16  Marine  
  111  13:19  Marauder  
  117  13:20  SCV  
  117  13:21  SCV  
  117  13:22  SCV  
  117  13:25  Marine x2  
  120  13:28  Marauder  
  120  13:29  Marine x2  
  120  13:31  Marauder  
  120  13:32  Marauder  
  120  13:33  SCV  
  129  13:35  SCV x2  
  131  13:42  Marauder x2, Marine x2  
  131  13:43  Marine  
  131  13:45  Orbital Command  
  138  13:49  Marine x3  
  138  13:50  Marauder  
  142  13:57  SCV  
  142  14:01  SCV  
  133  14:06  SCV  
  133  14:08  Marauder x2  
  134  14:12  Marine x5  
  134  14:14  Viking x2  
  134  14:16  Medivac  
  145  14:18  SCV  
  144  14:25  SCV  
  136  14:33  Planetary Fortress  
  136  14:35  Marine x2  
  138  14:38  SCV  
  141  14:47  SCV x2  
  144  14:55  Missile Turret  
  145  15:00  SCV x2  
  137  15:11  SCV  
Show
View Real Time Build Order
Export as new Build Order

Cyan Protoss - Winner!

Build Orders: 1 Gate Expand, Phoenix Opening, Zealot Archon 

Get SALT Encoding   

  12  0:00  Probe  
  13  0:12  Probe  
  14  0:18  Pylon  
  14  0:24  Probe (Chrono Boost)  
  15  0:36  Gateway, Probe (Chrono Boost)  
  16  0:44  Probe (Chrono Boost)  
  16  0:46  Assimilator  
  17  0:51  Probe  
  18  1:03  Probe  
  19  1:15  Probe  
  20  1:25  Cybernetics Core  
  20  1:33  Nexus  
  20  1:36  Probe  
  21  1:43  Pylon  
  21  1:48  Probe  
  21  1:51  Assimilator  
  22  1:59  Adept (Chrono Boost)  
  22  2:00  Probe  
  25  2:12  Probe  
  26  2:20  Stargate  
  26  2:21  Adept (Chrono Boost)  
  26  2:27  Probe  
  29  2:36  Warp Gate  
  29  2:41  Probe (Chrono Boost)  
  30  2:44  Adept  
  30  2:46  Probe (Chrono Boost)  
  34  2:56  Probe x2 (Chrono Boost)  
  35  3:02  Probe  
  35  3:03  Phoenix (Chrono Boost), Probe  
  39  3:12  Pylon  
  39  3:14  Probe  
  39  3:15  Probe  
  41  3:22  Phoenix (Chrono Boost)  
  41  3:26  Probe  
  42  3:27  Probe  
  43  3:35  Gateway  
  43  3:37  Gateway  
  43  3:38  Probe  
  43  3:40  Pylon  
  43  3:41  Probe  
  45  3:46  Phoenix (Chrono Boost)  
  47  3:51  Probe  
  47  3:54  Probe  
  49  4:04  Probe  
  49  4:08  Phoenix (Chrono Boost)  
  52  4:12  Nexus  
  52  4:13  Probe  
  52  4:16  Probe  
  54  4:18  Pylon  
  54  4:23  Assimilator  
  54  4:25  Assimilator  
  54  4:26  Probe  
  54  4:28  Phoenix (Chrono Boost)  
  54  4:31  Probe  
  58  4:36  Pylon  
  58  4:38  Probe  
  58  4:43  Probe  
  58  4:44  Twilight Council  
  60  4:48  Forge  
  60  4:52  Probe, Pylon  
  61  4:57  Probe  
  62  5:03  Protoss Ground Armor Level 1 (Chrono Boost)  
  62  5:04  Probe  
  63  5:09  Probe  
  64  5:14  Gateway  
  64  5:16  Probe  
  64  5:17  Gateway, Charge (Chrono Boost)  
  64  5:18  Gateway  
  65  5:22  Probe  
  65  5:25  Probe  
  67  5:29  Gateway  
  67  5:35  Gateway  
  67  5:36  Gateway  
  67  5:41  Zealot, Sentry x2  
  74  5:42  Probe  
  74  5:44  Probe  
  74  5:45  Probe  
  76  5:51  Templar Archives  
  76  5:55  Probe, Pylon  
  76  5:56  Probe  
  78  6:00  Probe, Shield Battery  
  79  6:04  Shield Battery  
  79  6:07  Probe  
  79  6:08  Probe  
  79  6:10  Zealot x2  
  85  6:12  Probe  
  85  6:14  Zealot  
  85  6:15  Zealot  
  87  6:19  Probe  
  87  6:21  Probe  
  87  6:24  Probe  
  88  6:28  High Templar  
  88  6:29  Zealot, High Templar, Pylon  
  94  6:32  Archon  
  94  6:35  Zealot  
  94  6:36  Zealot x2  
  100  6:41  Zealot x2  
  100  6:44  Assimilator  
  104  6:48  Assimilator  
  104  6:50  High Templar x2  
  104  6:53  Robotics Facility, Probe  
  109  6:54  Archon  
  109  6:56  Probe  
  109  7:00  Zealot x3  
  116  7:02  Pylon  
  116  7:04  Probe  
  116  7:07  Protoss Ground Weapons Level 1 (Chrono Boost)  
  117  7:11  Probe  
  116  7:18  Pylon  
  116  7:24  Zealot x2, High Templar x2  
  116  7:26  Pylon  
  116  7:29  Photon Cannon  
  124  7:31  Pylon  
  124  7:37  Nexus  
  124  7:40  Pylon  
  124  7:41  Observer (Chrono Boost), Probe x3  
  124  7:42  Archon  
  128  7:47  Robotics Bay  
  128  7:49  Robotics Facility  
  128  7:54  Photon Cannon  
  126  7:59  Probe  
  126  8:02  Observer (Chrono Boost)  
  126  8:04  Probe  
  126  8:05  Probe  
  130  8:08  Photon Cannon  
  130  8:10  Shield Battery  
  130  8:12  Shield Battery  
  130  8:13  Photon Cannon, Probe  
  130  8:14  Blink (Chrono Boost)  
  129  8:23  Probe  
  129  8:26  Gateway  
  128  8:29  Probe  
  128  8:30  Gateway  
  128  8:34  Zealot x3, Forge, High Templar x2  
  131  8:38  Archon  
  124  8:57  Extended Thermal Lance (Chrono Boost)  
  124  8:59  Colossus (Chrono Boost)  
  124  9:00  Probe  
  124  9:01  Colossus (Chrono Boost), Probe x3, Protoss Ground Armor Level 2 (Chrono Boost)  
  134  9:05  Photon Cannon  
  134  9:07  Shield Battery  
  134  9:10  Protoss Ground Weapons Level 2 (Chrono Boost)  
  134  9:11  Zealot x5  
  134  9:12  Probe  
  145  9:19  Pylon  
  145  9:26  Probe x2  
  145  9:27  Probe  
  148  9:34  Probe  
  148  9:38  Probe  
  150  9:40  Zealot  
  158  9:46  Colossus (Chrono Boost), Assimilator  
  158  9:47  Assimilator  
  158  9:54  Warp Prism (Chrono Boost)  
  158  9:55  Nexus  
  158  9:56  High Templar x2  
  158  9:57  Pylon  
  162  10:01  Photon Cannon, Pylon  
  162  10:03  Archon, Shield Battery  
  162  10:05  High Templar  
  162  10:06  Dark Shrine  
  164  10:09  High Templar  
  164  10:13  Archon  
  166  10:15  Stalker x2  
  166  10:16  Zealot x5  
  178  10:27  Disruptor (Chrono Boost), Gravitic Drive (Chrono Boost)  
  181  10:35  Zealot x2  
  185  10:40  Photon Cannon  
  185  10:41  Zealot  
  187  10:42  Photon Cannon  
  187  10:44  Pylon  
  187  10:46  Shield Battery  
  187  10:48  Shield Battery  
  187  11:01  Assimilator  
  187  11:02  Disruptor x2  
  187  11:03  Gateway, Assimilator  
  193  11:06  Gateway  
  193  11:07  Photon Cannon  
  193  11:09  Photon Cannon  
  193  11:11  Photon Cannon  
  193  11:13  Shield Battery  
  193  11:14  Pylon  
  193  11:15  Pylon  
  193  11:16  Pylon  
  193  11:17  Photon Cannon  
  193  11:18  Shadow Stride (Chrono Boost)  
  193  11:19  Shield Battery  
  193  11:28  Protoss Ground Armor Level 3 (Chrono Boost)  
  193  11:30  Protoss Ground Weapons Level 3 (Chrono Boost)  
  193  11:37  Disruptor (Chrono Boost)  
  196  11:41  Zealot x4  
  194  11:47  Dark Templar x4  
  158  12:03  Warp Prism (Chrono Boost)  
  158  12:08  Zealot x10  
  162  12:09  Zealot  
  162  12:10  Disruptor (Chrono Boost)  
  183  12:16  Gravitic Boosters  
  183  12:24  Stalker x2  
  185  12:33  Stalker x4  
  173  12:38  Stalker  
  173  12:40  Stalker  
  173  12:41  Stalker x4  
  151  12:45  Stalker, Disruptor  
  144  12:55  Stalker x2  
  144  12:56  Stalker x4  
  138  13:06  Disruptor (Chrono Boost)  
  138  13:09  Dark Templar x3  
  147  13:15  Dark Templar x3  
  153  13:21  Disruptor (Chrono Boost)  
  153  13:22  Dark Templar x2  
  160  13:38  Colossus (Chrono Boost)  
  166  13:48  Zealot  
  168  13:49  Colossus (Chrono Boost)  
  168  13:53  Nexus  
  168  13:54  Pylon  
  174  13:57  Pylon  
  174  14:08  Dark Templar x8  
  186  14:17  Stalker x3  
  184  14:34  Colossus (Chrono Boost)  
  184  14:38  Colossus (Chrono Boost)  
  194  14:49  Stalker x3  

Tags
 
Add a new tag
Caveats
  • Supply blocks, unpowered buildings, or Contaminate may cause inaccurate times.
  • Supply counts are checked every 10 seconds.